 Dungeon Crawl Stone Soup version 0.29.1-1-gd02db6906a (webtiles) character file.

Game seed: 3746066805688050375

12 KennySheep the Trooper (level 2, 7/25 HPs)
             Began as a Palentonga Berserker on Sept 22, 2022.
             Was a Follower of Trog.
             Got out of the dungeon alive.
             The game lasted 00:02:16 (413 turns).

KennySheep the Trooper (Palentonga Berserker)        Turns: 413, Time: 00:02:17

Health: 7/25       AC:  4    Str: 22    XL:     2   Next: 20%
Magic:  2/2        EV:  9    Int:  7    God:    Trog [*.....]
Gold:   0          SH:  0    Dex:  9    Spells: 1/1 levels left

rFire   . . .      SeeInvis +   a - +0 hand axe
rCold   . . .      Faith    .   (no shield)
rNeg    . . .      Spirit   .   b - +0 animal skin
rPois   .          Reflect  .   (no helmet)
rElec   .          Harm     .   (no cloak)
rCorr   .          Rampage  .   (no gloves)
Will    .....                   (no barding)
Stlth   +.........              (no amulet)
HPRegen 0.08/turn               (no ring)
MPRegen 0.08/turn               (no ring)

@: no status effects
A: large, rugged brown scales 3, see invisible, deformed body, roll 1, armoured
tail
a: Rolling Charge, Renounce Religion, Berserk


You escaped.
You worshipped Trog.
Trog was aware of your devotion.
You visited 1 branch of the dungeon, and saw 1 of its levels.

Inventory:

Hand Weapons
 a - a +0 hand axe (weapon)
Armour
 b - a +0 animal skin (worn)
Scrolls
 c - a scroll of noise {unknown}
Potions
 d - a potion of haste {unknown}
 e - a potion of heal wounds {unknown}


   Skills:
 + Level 3.3 Fighting
 * Level 3.2 Axes
 + Level 1.7 Armour
 + Level 1.6 Dodging


You had one spell level left.
You didn't know any spells.
Your spell library was empty.

Dungeon Overview and Level Annotations

Branches:
Dungeon (1/15)

Altars:

Shops:
D:1 ?


Innate Abilities, Weirdness & Mutations

You are completely covered in rugged brown scales. (AC +3, +7% HP)
You have supernaturally acute eyesight. (SInv)
Armour fits poorly on your strangely shaped body.
You can roll at nearby foes to attack.
You have a long armoured tail.


Message History

Roll where?
Press: ? - help, Q - select action Dir - move target, f - endoplasm
Aim: an endoplasm (wandering, hasn't noticed you)
You roll forward with a clatter of scales!
The endoplasm quivers.
You barely miss the endoplasm. The endoplasm freezes you.
You are frozen.
The endoplasm freezes you.
You are frozen.
You are too injured to fight recklessly!
You are too injured to fight recklessly!
You are too injured to fight recklessly!
Save game and exit?
Welcome back, KennySheep the Palentonga Berserker.
Trog says: Kill them all!
Press ? for a list of commands and other information.
You hit the endoplasm but do no damage. The endoplasm freezes you.
You are frozen.
* * * LOW HITPOINT WARNING * * *
You barely miss the endoplasm. The endoplasm freezes you.
You are frozen.
* * * LOW HITPOINT WARNING * * *
You hit the endoplasm.
Your tail-slap misses the endoplasm.
The endoplasm is lightly wounded.
The endoplasm hits you.
* * * LOW HITPOINT WARNING * * *
You slash the endoplasm!
You kill the endoplasm!
Trog accepts your kill.
Items here: )) ††.
You see here a hobgoblin corpse.
You see here a +0 leather armour.
There is an abandoned shop here.
There is an open door here.
There is a staircase leading out of the dungeon here.
Are you sure you want to leave the Dungeon?
This will make you lose the game!
You have escaped!

♣♣♣♣♣♣♣♣♣♣
♣@........
♣...♣♣♣♣♣ ♣
♣....P♣P♣P♣
♣.♣....P♣P♣
♣.♣♣.⌠....♣
♣.♣P....♣♣♣
♣.♣♣P.[♣♣
♣.♣♣♣.♣♣
♣.....♣


There were no monsters in sight!

Vanquished Creatures
  2 endoplasms (D:1)
  2 giant cockroaches (D:1)
  2 goblins (D:1)
  2 hobgoblins (D:1)
  A bat (D:1)
  A rat (D:1)
10 creatures vanquished.

Notes
Turn   | Place    | Note
-------+----------+-------------------------------------------
     0 | D:1      | KennySheep the Palentonga Berserker began the quest for the
                  | Orb.
     0 | D:1      | Reached XP level 1. HP: 19/19 MP: 1/1
    13 | D:1      | Found Yseguyt's Magic Scroll Shop.
   264 | D:1      | Reached XP level 2. HP: 19/25 MP: 2/2
   335 | D:1      | HP: 1/25 [endoplasm (1)]
   413 | D:$      | Got out of the dungeon alive.

Illustrated notes

Levels and vault maps discovered:
D:1:      psy_arrival_fountain, layout_loops_ring, serial_shops,
          nicolae_shop_competitors_out_of_business, minmay_tromino_mix6

Action                   || total
-------------------------++-------
Melee: Hand axe          ||    32
       Tailslap          ||     4
       Punch             ||     1
 Abil: Rolling Charge    ||     2
Armor: Animal skin       ||     9
Dodge: Dodged            ||     8
